 Dungeon Crawl Stone Soup version 0.31-a0-345-g1ebeae05c6 (webtiles) character file.

Game seed: 8856780628593672197

2864 LeprechaunX the Ruffian (level 9, -2/81 HPs)
             Began as an Octopode Shapeshifter on July 22, 2023.
             Was a Believer of Hepliaklqana.
             Slain by a yak (9 damage)
             ... on level 7 of the Dungeon.
             The game lasted 00:09:35 (6427 turns).

LeprechaunX the Ruffian (Octopode Shapeshifter)     Turns: 6427, Time: 00:09:36

Health: -2/81      AC: 24    Str: 18    XL:     9   Next: 75%
Magic:  27/27      EV:  2    Int: 10    God:    Hepliaklqana [**....]
Gold:   382        SH:  0    Dex: 13    Spells: 8/8 levels left

rFire   . . .        a - +11 trident of the Hawk {flame, rPois rC+}
rCold   + . .        (no shield)
rNeg    . . .        (helmet currently unavailable)
rPois   +            (no amulet)
rElec   .            s - ring of magical power
rCorr   .            v - ring of magical power
SInv    .            (no ring)
Will    .....        (no ring)
Stlth   +            (no ring)
HPRegen 0.33/turn    (no ring)
MPRegen 0.20/turn    (no ring)
                     (no ring)

%: no passive effects
@: tree-form
A: stationary, stasis, torment immunity, boosted hp, reduced essence, almost no
armour, (amphibious), 8 rings, (camouflage 1), (gelatinous body 1), (nimble
swimmer 1), (tentacles)
a: Renounce Religion, Recall Ancestor, Ancestor Identity


You were on level 7 of the Dungeon.
You worshipped Hepliaklqana.
Hepliaklqana was pleased with you.
You were a tree.
You visited 1 branch of the dungeon, and saw 7 of its levels.

You collected 382 gold pieces.

Inventory:

Hand Weapons
 a - the +11 trident of the Hawk (weapon) {flame, rPois rC+}
   (You found it on level 5 of the Dungeon)

   rC:        It protects you from cold.
   rPois:     It protects you from poison.
Missiles
 j - 2 boomerangs (quivered)
Jewellery
 s - a ring of magical power (left branch)
 v - a ring of magical power (right branch)
Talismans
 b - a beast talisman
Wands
 d - a wand of flame (3)
 k - a wand of mindburst (6)
 o - a wand of roots (11)
 x - a wand of quicksilver (6)
Scrolls
 c - 3 scrolls of poison {unknown}
 e - a scroll of summoning {unknown}
 g - 4 scrolls of enchant armour {unknown}
 i - 5 scrolls of identify {unknown}
 m - 3 scrolls of teleportation {unknown}
 n - a scroll of brand weapon {unknown}
 p - 2 scrolls of enchant weapon {unknown}
 q - a scroll of noise {unknown}
 w - a scroll of fog {unknown}
Potions
 f - a potion of curing
 h - a potion of berserk rage {unknown}
 l - 2 potions of might {unknown}
 r - a potion of degeneration {unknown}
 t - 2 potions of heal wounds {unknown}


   Skills:
 + Level 5.0 Fighting
 + Level 3.7 Throwing
 + Level 5.4 Dodging
 * Level 7.9 Unarmed Combat
 * Level 6.8 Shapeshifting


You had 8 spell levels left.
You didn't know any spells.
Your spell library contained the following spells:

 Spells                   Type           Power      Damage    Failure   Level
 Shock                    Conj/Air       0%         1d3       36%         1
 Blink                    Tloc           0%         N/A       50%         2
 Lesser Beckoning         Tloc           0%         N/A       50%         2
 Momentum Strike          Conj/Tloc      0%         3d8       50%         2
 Stone Arrow              Conj/Erth      0%         3d7       75%         3
 Swiftness                Air            0%         N/A       75%         3
 Airstrike                Air            0%         2d(0-16)  98%         4
 Manifold Assault         Tloc           0%         N/A       98%         4
 Passage of Golubria      Tloc           0%         N/A       98%         4
 Silence                  Hex/Air        0%         N/A       100%        5
 Lehudib's Crystal Spear  Conj/Erth      0%         10d2      100%        8
 Animate Armour           Summ/Erth      Unusable   N/A       N/A         4

Dungeon Overview and Level Annotations

Branches:
Dungeon (7/15)             Temple (0/1) D:5

Altars:
Dithmenos
Elyvilon
Gozag
Hepliaklqana
Makhleb
Qazlal
Sif Muna
Trog
Uskayaw
Xom
Zin

Shops:
D:3 [   D:4 !


Innate Abilities, Weirdness & Mutations

You are a tree.
Your roots penetrate the ground, keeping you stationary.
You cannot be teleported.
You are immune to unholy pain and torment.
Your maximum health is greatly increased.
Your life essence is reduced to manifest your ancestor. (-10% HP)
You cannot wear most types of armour.
((You are amphibious.))
You can wear up to eight rings at the same time.
((Your skin changes colour to match your surroundings (Stealth+).))
((Your rubbery body absorbs attacks. (AC +1, EV +1)))
((You are camouflaged when in or above water. (Stealth+)))
((You have tentacles for arms and can constrict up to eight enemies at once.))


Message History

You barely miss the wight. Your grab misses the wight.
The wight hits you with a +1 dire flail!
* * * LOW HITPOINT WARNING * * *
You feel drained.
* * * LOW HITPOINT WARNING * * *
Unknown command.
Really quaff the potion of lignification?
Your transformation has ended.
You turn into a tree.
Your roots penetrate the ground.
The wight hits you but does no damage.
You puncture the wight! You burn the wight. You punch the wight.
You destroy the wight!
You puncture the yak! You burn the yak.
The yak is moderately wounded.
The yak gores you but does no damage. x2
You barely miss the yak.
The yak is moderately wounded.
The yak gores you but does no damage.
You puncture the yak! You burn the yak. You punch the yak.
The yak is almost dead.
The yak gores you!
* * * LOW HITPOINT WARNING * * *
You puncture the yak! You burn the yak.
You kill the yak!
Your life force feels restored.
Your Fighting skill increases to level 5!
You hit the yak. You burn the yak.
The yak is lightly wounded.
The yak gores you but does no damage. x2
You hit the yak. You burn the yak.
The yak is moderately wounded.
The yak gores you but does no damage.
You hit the yak. You burn the yak.
The yak is heavily wounded.
The yak gores you.
* * * LOW HITPOINT WARNING * * *
You puncture the yak! You burn the yak. You punch the yak.
The yak is almost dead.
The yak gores you!
You die...

##.#.# ###.#
#.# #.# #.# #.#
#.#
...#.########.#
......Y♣......#
...#.##########


You could see a yak.

Vanquished Creatures
  Grinder (D:4)
  Sigmund (D:4)
  A shadow (D:5)
  2 yaks (D:7)
  Menkaure (D:4)
  A water moccasin (D:7)
  An ice beast (D:3)
  2 black bears
  3 ogres
  A centaur (D:5)
  A phantom (D:6)
  A bullfrog (D:7)
  2 scorpions (D:5)
  4 wights (D:7)
  A howler monkey (D:7)
  A quasit (D:5)
  A gnoll bouda (D:4)
  3 hounds
  An orc priest (D:5)
  A sleepcap (D:6)
  Ijyb (D:3)
  An iguana (D:4)
  4 orc wizards
  3 gnolls (D:4)
  6 adders
  A shadow imp (D:6)
  A white imp (D:5)
  3 ufetubi
  2 worms
  3 dart slugs
  13 orcs
  8 ball pythons
  10 endoplasms
  7 giant cockroaches
  11 goblins
  8 hobgoblins
  3 jackals (D:1)
  5 kobolds
  5 quokkas
  9 bats
  6 frilled lizards
  15 rats
155 creatures vanquished.

Vanquished Creatures (collateral kills)
  A centaur (D:5)
  An iguana (D:6)
  4 goblins (D:6)
6 creatures vanquished.

Vanquished Creatures (others)
  2 hexers
  An ancestor (D:5)
3 creatures vanquished.

Grand Total: 164 creatures vanquished

Notes
Turn   | Place    | Note
-------+----------+-------------------------------------------
     0 | D:1      | LeprechaunX the Octopode Shapeshifter began the quest for
                  | the Orb.
     0 | D:1      | Reached XP level 1. HP: 13/13 MP: 1/1
   162 | D:1      | Reached XP level 2. HP: 18/18 MP: 2/2
   275 | D:1      | Reached XP level 3. HP: 18/23 MP: 3/3
   944 | D:2      | Reached XP level 4. HP: 28/28 MP: 4/4
  1841 | D:3      | Found a stormy altar of Qazlal.
  1854 | D:3      | Found Tyoclir's Antique Armour Shoppe.
  1864 | D:3      | Noticed Ijyb
  1873 | D:3      | Killed Ijyb
  1921 | D:3      | Reached skill level 4 in Unarmed Combat
  1949 | D:3      | Reached XP level 5. HP: 29/34 MP: 5/5
  2027 | D:3      | Found a shadowy altar of Dithmenos.
  2040 | D:3      | Noticed an ice beast
  2052 | D:4      | Noticed Menkaure
  2052 | D:4      | Noticed Grinder
  2060 | D:4      | Killed Menkaure
  2061 | D:4      | Reached XP level 6. HP: 28/39 MP: 6/6
  2072 | D:4      | Paralysed by Grinder for 4 turns
  2076 | D:4      | HP: 3/60 [gnoll/+0 flail[a gnoll bouda] (4)]
  2090 | D:4      | Paralysed by Grinder for 5 turns
  2103 | D:4      | Killed Grinder
  2104 | D:4      | Reached skill level 5 in Unarmed Combat
  2104 | D:4      | Reached XP level 7. HP: 8/45 MP: 7/7
  2780 | D:3      | Found a glowing silver altar of Zin.
  2784 | D:3      | Noticed an angel
  2785 | D:3      | Found a burning altar of Makhleb.
  2786 | D:3      | Noticed a blizzard demon
  2843 | D:4      | Found a hazy altar of Hepliaklqana.
  2848 | D:4      | Noticed Sigmund
  2850 | D:4      | Became a worshipper of Hepliaklqana the Forgotten
  3036 | D:4      | Found Yhug's Distillery.
  3073 | D:4      | Reached skill level 5 in Shapeshifting
  3129 | D:4      | Killed Sigmund
  3130 | D:4      | Reached skill level 1 in Throwing
  3130 | D:4      | Reached XP level 8. HP: 11/52 MP: 8/8
  3350 | D:4      | Reached skill level 6 in Unarmed Combat
  3642 | D:4      | Found a bloodstained altar of Trog.
  3881 | D:5      | Entered Level 5 of the Dungeon
  3942 | D:5      | Found a white marble altar of Elyvilon.
  4275 | D:5      | Found a staircase to the Ecumenical Temple.
  4283 | D:5      | Reached * piety under Hepliaklqana
  4292 | D:5      | Found a hide-covered altar of Uskayaw.
  4343 | D:5      | Noticed a +0 dagger
  4343 | D:5      | Noticed a +0 dagger
  4458 | D:5      | Noticed a shadow
  4469 | D:5      | Killed a shadow
  4517 | D:5      | Found a shimmering blue altar of Sif Muna.
  4530 | D:5      | Identified the +11 trident of the Hawk {flame, rPois rC+}
  4550 | D:5      | Reached XP level 9. HP: 46/52 MP: 9/9
  4633 | D:5      | Reached skill level 7 in Unarmed Combat
  5230 | D:5      | Found a shimmering altar of Xom.
  5416 | D:6      | Found an opulent altar of Gozag.
  5806 | D:6      | Reached ** piety under Hepliaklqana
  5807 | D:6      | Remembered your ancestor Khenut as a hexer
  5924 | D:6      | Reached skill level 5 in Dodging
  6424 | D:7      | Reached skill level 5 in Fighting
  6427 | D:7      | Slain by a yak

Illustrated notes

Levels and vault maps discovered:
D:1:      psy_arrival_terrarium, layout_basic, chequers_serial_rivers_micro_d
D:2:      wander_river, layout_loops_cross, grunt_decor_resistance,
          chequers_serial_rivers_marsh, kennysheep_generic_room_6
D:3:      layout_rooms, grunt_temple_overflow_order_and_chaos_2,
          nicolae_overflow_crystal_walls, nicolae_dithmenos_shadow_blocks,
          serial_shops, shop, uniq_ijyb
D:4:      layout_rooms, mainiacjoe_overflow_boulevard, trog_butcher_becter,
          serial_shops, shop, chequers_jeans, hangedman_glass_teeth,
          uniq_sigmund, uniq_menkaure, uniq_grinder
D:5:      layout_loops_ring, tgw_xom, dancing_weapons_uskayaw,
          mainiacjoe_overflow_concentric_impassable,
          mainiacjoe_overflow_tiny_flanked, temple_fountains,
          gup_sewer_entry_spiral, serial_demonic, serial_demonic_e,
          serial_demonic_f, serial_demonic_f, serial_demonic_f, corner_web_ring
D:6:      layout_loops_ring, mainiacjoe_overflow_six_doors_small, minivault_1,
          minmay_ogre_servants
D:7:      layout_loops_corners, kennysheep_potato

Skill      XL: |  1  2  3  4  5  6  7  8  9 |
---------------+----------------------------+-----
Unarmed Combat | 4 5 6 7 |  7.9
Fighting       | 2 3 4 5 |  5.0
Dodging        | 3 4 5 |  5.4
Shapeshifting  | 4 5 6 |  6.8
Throwing       | 1 2 3 |  3.7

Action                     |  1- 3 |  4- 6 |  7- 9 || total
---------------------------+-------+-------+-------++-------
  Melee: Unarmed           |    69 |    70 |   115 ||   254
         Constrict         |    18 |    11 |    23 ||    52
         Tentacles         |     7 |     8 |    28 ||    43
         Punch             |     3 |     3 |     9 ||    15
         Trident           |       |       |    55 ||    55
  Throw: Boomerang         |       |     7 |    48 ||    55
 Invoke: Ancestor Life: He |       |       |     1 ||     1
  Evoke: Wand              |       |     5 |       ||     5
    Use: Potion            |       |     3 |     2 ||     5
   Stab: Sleeping          |     3 |     5 |     9 ||    17
         Invisible         |       |     2 |       ||     2
 Armour: Skin              |     8 |    54 |    17 ||    79
  Dodge: Dodged            |    54 |    30 |    79 ||   163

Table legend: (Time is in decaauts)
 A = Elapsed time spent in this place.
 B = Non-inter-level travel time spent in this place.
 C = Inter-level travel time spent in this place.
 D = Time resting spent in this place.
 E = Time spent auto-exploring this place.
 F = Levels seen in this place.
 G = Mean time per level.
                   A        B        C        D        E       F      G
               +--------+--------+--------+--------+--------+-----+--------+
         Total |   6428 |   6106 |    322 |    574 |   4614 |   7 |  918.3 |
       Dungeon |   6428 |   6106 |    322 |    574 |   4614 |   7 |  918.3 |
               +--------+--------+--------+--------+--------+-----+--------+

Top non-repeatable levels by time:
     D:5: 1469 daAuts
     D:4: 1197 daAuts
     D:3: 942 daAuts
     D:2: 896 daAuts
     D:1: 837 daAuts
     D:6: 765 daAuts
     D:7: 320 daAuts
